General information
			
			
        
        - name: grudge
 
        - type: Custom game
 
        - host: TIMG4STRok
 
        - saver: TIMG4STRok
 
        
map: EchoIsles 
        - players: 3
 
        - length: 21:36
 
        - speed: Fast
 - version: 1.22 W3XP
 - replay type:  

 
» download(104 KB)
Players
        team 1 (winner) 
              
              
» 
TIMG4STRok (
gray | 200 APM | 4313 actions | 21:36)
              
 5 Archmage 
 3 Summon Water Elemental
 2 Brilliance Aura
 6 Mountain King 
 3 Storm Bolt
 2 Bash
 1 Avatar
 
                » actions 
                
                | Assign group hotkey | 40 |  | 
| Basic commands | 136 |  | 
| Build / train | 94 |  | 
| ESC pressed | 4 |  | 
| Enter build submenu | 30 |  | 
| Enter hero's abilities submenu | 11 |  | 
| Give item / drop item | 4 |  | 
| Right click | 2127 |  | 
| Select / deselect | 433 |  | 
| Select group hotkey | 1308 |  | 
| Use ability | 126 |  | 
                4313 total
 » units 
                
                | Peasant | 24 |  | 
| Footman | 11 |  | 
| Gryphon Rider | 5 |  | 
| Rifleman | 8 |  | 
| Forest Troll Shadow Priest | 1 |  | 
                49 total
 » upgrades
                
                | Defend | 1 |  | 
| Masonry | 3 |  | 
| Lumber Harvesting | 1 |  | 
| Long Rifles | 1 |  | 
| Storm Hammers | 1 |  | 
| Armor | 1 |  | 
| Animal War Training | 1 |  | 
                9 total
 » buildings
                
                | Altar of Kings | 1 |  | 
| Barracks | 1 |  | 
| Farm | 12 |  | 
| Lumber Mill | 1 |  | 
| Town Hall | 1 |  | 
| Scout Tower | 7 |  | 
| Arcane Vault | 1 |  | 
| Guard Tower | 6 |  | 
| Keep | 1 |  | 
| Castle | 1 |  | 
| Blacksmith | 1 |  | 
| Gryphon Aviary | 3 |  | 
                36 total
 » build order
                00:04 Altar of Kings
00:07 Barracks
00:22 Farm
01:03 Farm
01:38 Farm
02:11 Lumber Mill
03:10 Town Hall
03:14 Scout Tower
03:17 Scout Tower
04:24 Arcane Vault
04:28 Guard Tower
04:45 Guard Tower
05:13 Scout Tower
05:53 Keep
06:42 Farm
06:44 Guard Tower
06:49 Scout Tower
06:49 Scout Tower
07:05 Scout Tower
07:05 Scout Tower
07:17 Guard Tower
07:19 Guard Tower
08:36 Castle
08:37 Guard Tower
09:05 Blacksmith
09:08 Gryphon Aviary
09:10 Gryphon Aviary
09:15 Gryphon Aviary
09:20 Farm
09:21 Farm
09:24 Farm
12:30 Farm
12:30 Farm
16:03 Farm
16:03 Farm
16:36 Farm
» items
                
                | Scroll of Regeneration | 3 |  | 
| Boots of Speed | 1 |  | 
| Staff of Teleportation | 1 |  | 
| Scroll of Healing | 2 |  | 
| Potion of Invulnerability | 1 |  | 
| Potion of Greater Healing | 1 |  | 
| Scroll of the Beast | 1 |  | 
| Gloves of Haste | 1 |  | 
| Potion of Mana | 1 |  | 
| Potion of Healing | 1 |  | 
| Scroll of Town Portal | 1 |  | 
                14 total
  
               team 2 (loser) 
              
              
» 
DiSCOLAND (
pink | 156 APM | 3358 actions | 21:35)
              
 4 Death Knight 
 2 Death Coil
 1 Unholy Aura
 1 Death Pact
 5 Lich 
 3 Frost Nova
 2 Dark Ritual
 
                » actions 
                
                | Assign group hotkey | 178 |  | 
| Basic commands | 2 |  | 
| Build / train | 64 |  | 
| ESC pressed | 3 |  | 
| Enter build submenu | 16 |  | 
| Enter hero's abilities submenu | 9 |  | 
| Give item / drop item | 4 |  | 
| Right click | 1375 |  | 
| Select / deselect | 371 |  | 
| Select group hotkey | 1242 |  | 
| Use ability | 94 |  | 
                3358 total
 » units 
                
                | Acolyte | 4 |  | 
| Ghoul | 2 |  | 
| Crypt Fiend | 20 |  | 
| Obsidian Statue | 6 |  | 
                32 total
 » upgrades
                
                | Burrow | 1 |  | 
| Creature Attack | 2 |  | 
| Destroyer Form | 1 |  | 
| Web | 1 |  | 
                5 total
 » buildings
                
                | Graveyard | 1 |  | 
| Crypt | 1 |  | 
| Altar of Darkness | 1 |  | 
| Ziggurat | 7 |  | 
| Tomb of Relics | 3 |  | 
| Nerubian Tower | 2 |  | 
| Halls of the Dead | 1 |  | 
| Slaughterhouse | 2 |  | 
| Black Citadel | 1 |  | 
| Spirit Tower | 3 |  | 
                22 total
 » build order
                00:22 Graveyard
00:26 Crypt
00:52 Altar of Darkness
00:59 Ziggurat
01:15 Tomb of Relics
02:05 Ziggurat
03:39 Nerubian Tower
04:06 Halls of the Dead
04:22 Ziggurat
06:50 Ziggurat
08:38 Tomb of Relics
08:40 Slaughterhouse
09:10 Black Citadel
11:10 Ziggurat
14:37 Spirit Tower
16:11 Tomb of Relics
16:43 Ziggurat
16:45 Slaughterhouse
19:14 Spirit Tower
19:52 Ziggurat
21:07 Nerubian Tower
21:09 Spirit Tower
» items
                
                | Rod of Necromancy | 4 |  | 
| Potion of Mana | 2 |  | 
| Potion of Healing | 2 |  | 
| Scroll of Town Portal | 1 |  | 
                9 total
  
               observersTALONSAREIMBA Chat log
          (00:04 / All) DiSCOLAND: wait
(00:07 / All) DiSCOLAND: i thought i was playing
(00:09 / All) DiSCOLAND: the guy obsing
(00:14 / All) TIMG4STRok: no retard
(00:16 / All) TIMG4STRok: stopd doging
(00:27 / All) TIMG4STRok: lmfao
(01:49 / All) DiSCOLAND: u listen to dmb
(02:12 / All) DiSCOLAND: rofl u guys r some nerds arent u
(02:18 / All) TIMG4STRok: ?
(02:37 / All) DiSCOLAND: havin him tell u what im doin
(02:43 / All) TIMG4STRok: ?
(02:44 / All) TIMG4STRok: lmao
(02:45 / All) TIMG4STRok: nice
(02:47 / All) TIMG4STRok: excuses already
(03:24 / All) DiSCOLAND: Sec
(04:57 / All) DiSCOLAND: cacnel
(08:31 / All) DiSCOLAND: leave
(08:35 / All) DiSCOLAND: ur terrible
(08:43 / All) TIMG4STRok: do you want me to spend my money? lmao
(08:45 / All) DiSCOLAND: this is bad
(08:52 / All) DiSCOLAND: ehre come the excuses
(08:54 / All) DiSCOLAND: u have an xpo
(11:44 / All) DiSCOLAND: so why r we doin this
(11:51 / All) TIMG4STRok: because you're a shit noobr etard?
(11:58 / All) DiSCOLAND: lol
(11:59 / All) DiSCOLAND: right
(12:31 / All) DiSCOLAND: u knopw
(12:33 / All) DiSCOLAND: i liek u
(17:38 / All) DiSCOLAND: mass griffs
(17:39 / All) DiSCOLAND: Sick dude
(20:44 / All) TIMG4STRok: leave please
(21:25 / All) DiSCOLAND: gg
(21:28 / All) TIMG4STRok: leave
(21:28 / All) TIMG4STRok: bye
(21:32 / All) TIMG4STRok: 50 apm trash